 Dungeon Crawl Stone Soup version 0.30-a0-6-g7c9e10e132 (webtiles) character file.

Game seed: 11293008258859344654

4034 SensoryNuts the Cleaver (level 10, -1/80 (86) HPs)
             Began as a Hill Orc Fighter on Aug 23, 2022.
             Was a Follower of Beogh.
             Slain by a wight
             ... wielding a +5 scimitar
              (5 damage)
             ... on level 8 of the Dungeon.
             The game lasted 00:07:45 (9778 turns).

SensoryNuts the Cleaver (Hill Orc Fighter)          Turns: 9778, Time: 00:07:46

HP:   -1/80 (86)    AC: 10    Str: 30    XL:     10   Next: 24%
MP:   10/10         EV: 10    Int:  8    God:    Beogh [*.....]
Gold: 400           SH:  5    Dex: 10    Spells: 9/9 levels left

rFire   . . .      SeeInvis .    a - +1 war axe
rCold   . . .      Faith    .    c - +0 buckler
rNeg    . . .      Spirit   .    b - +0 scale mail
rPois   .          Reflect  .    k - +1 helmet
rElec   .          Harm     .    (no cloak)
rCorr   .          Rampage  .    (no gloves)
Will    .....                    (no boots)
Stlth   ..........               (no amulet)
HPRegen 0.23/turn                f - +6 ring of strength
MPRegen 0.12/turn                (no ring)

@: mighty, hasted, drained, very quick
A: no striking features
a: Renounce Religion


You were on level 8 of the Dungeon.
You worshipped Beogh.
Beogh was aware of your devotion.
You visited 1 branch of the dungeon, and saw 9 of its levels.

You collected 400 gold pieces.

Inventory:

Hand Weapons
 a - a +1 war axe (weapon)
Armour
 b - a +0 scale mail (worn)
 c - a +0 buckler (worn)
 k - a +1 helmet (worn)
Jewellery
 f - a +6 ring of strength (left hand)
 l - an amulet of faith
 m - the ring "Icugerei" {Ice rElec rN+ Dex+3}
   (You found it on level 4 of the Dungeon)

   [ring of ice]

   It enhances your ice magic.
   Dex:       It affects your dexterity (+3).
   rF:        It makes you vulnerable to fire.
   rC:        It protects you from cold.
   rElec:     It insulates you from electricity.
   rN:        It protects you from negative energy.
 p - a +6 ring of strength
Wands
 u - a wand of digging (10)
 v - a wand of roots (13)
Scrolls
 i - a scroll of identify
 j - 3 scrolls of enchant armour
 r - a scroll of vulnerability
 t - a scroll of poison
Potions
 d - a potion of might
 g - 2 potions of attraction
 h - 3 potions of flight
 o - a potion of brilliance
 q - a potion of degeneration
 s - a potion of cancellation


   Skills:
 + Level 7.1 Fighting
 * Level 14.4 Axes
 + Level 7.4 Armour
 + Level 2.2 Dodging
 + Level 1.2 Stealth
 + Level 4.9 Shields


You had 9 spell levels left.
You didn't know any spells.
Your spell library contained the following spells:

 Spells                   Type           Power      Damage    Failure   Level
 Freeze                   Ice            0%         1d3       71%         1
 Magic Dart               Conj           0%         1d3       71%         1
 Call Imp                 Summ           0%         N/A       85%         2
 Sublimation of Blood     Necr           0%         N/A       85%         2
 Wereblood                Tmut           0%         N/A       85%         2
 Frozen Ramparts          Ice            0%         1d1       97%         3
 Mephitic Cloud           Conj/Pois/Air  0%         N/A       97%         3
 Hailstorm                Conj/Ice       0%         3d3       100%        4
 Petrify                  Tmut/Erth      0%         N/A       100%        4
 Irradiate                Conj/Tmut      0%         3d11      100%        5
 Summon Hydra             Summ           0%         N/A       100%        7


Dungeon Overview and Level Annotations

Branches:
Dungeon (9/15)             Temple (0/1) D:7
   Lair: D:8-11         Orc: D:9-12

Altars:
Dithmenos
Fedhas
Hepliaklqana
Kikubaaqudgha
Makhleb
Nemelex Xobeh
Qazlal
Sif Muna
Xom
Zin
The Shining One
Beogh

Shops:
D:3 [   D:7 (

Annotations:
D:6 Pikel


Message History

The killer bee stings you but does no damage.
You feel sick.
You feel sick.
The killer bee attacks as you move away!
You block the killer bee's attack.
You feel sick.
The killer bee stings you but does no damage.
You feel sick.
You feel very mighty all of a sudden. You block the killer bee's attack.
You closely miss the killer bee.
The killer bee is lightly wounded.
You slice the wight!!
You destroy the wight!
Beogh accepts your kill.
You feel sick. The killer bee completely misses you.
You barely miss the killer bee.
The killer bee is lightly wounded.
You feel sick.
The killer bee stings you but does no damage.
You slice the killer bee!!
You kill the killer bee!
Beogh accepts your kill.
You slash the wight!
You destroy the wight!
Beogh accepts your kill.
You feel sick. You block the wight's attack.
Things that are here:
a +0 long sword; a +0 robe; a killer bee corpse You hit the wight but do no damage.
The wight is moderately damaged.
You feel sick.
You are no longer poisoned.
You block the wight's attack.
You completely miss the wight.
The wight is moderately damaged.
You closely miss the wight.
The wight is moderately damaged.
The wight hits you with a +5 scimitar.
You die...

......# ##.....###...
...#### ##......###.[. ..##
#............. .##
##............ .#
###......####. .#
###.......## ## ##
#####.........## # #
##.#............# # #
###..z@..#.#'#....## #
##....).###.#.#.....####
###.....#####.#.#......##.
###.......# #..#.#.........
#.........## #.##.##........
#....>.....###.#...#........
####...#...#...#._.#.#....##
#...#.......#...#.###..#
#...##......##.##.# #..#


You could see a wight.

Vanquished Creatures
  A two-headed ogre (D:6)
  A hornet (D:7)
  A steam dragon (D:8)
  3 water moccasins (D:7)
  Duvessa (D:5)
  5 ice beasts
  4 black bears
  An ogre (D:5)
  3 lemures (D:6)
  A phantom (D:5)
  2 kobold brigands
  Blork the orc (D:5)
  A gnoll sergeant (D:8)
  2 scorpions
  A necrophage (D:6)
  2 wights (D:8)
  Dowan (D:5)
  6 killer bees (D:8)
  2 howler monkeys (D:8)
  5 hounds
  2 orc priests
  3 iguanas
  8 orc wizards
  5 gnolls
  7 adders
  4 shadow imps
  5 white imps
  4 ufetubi
  5 worms
  3 dart slugs
  25 orcs
  11 ball pythons
  4 bats
  3 endoplasms (D:2)
  10 goblins
  4 hobgoblins
  2 quokkas
  2 frilled lizards (D:1)
  25 kobolds
  10 rats
186 creatures vanquished.

Vanquished Creatures (others)
  An orc (D:8)
  2 plants (D:4)
3 creatures vanquished.

Grand Total: 189 creatures vanquished

Notes
Turn   | Place    | Note
-------+----------+-------------------------------------------
     0 | D:1      | SensoryNuts the Hill Orc Fighter began the quest for the
                  | Orb.
     0 | D:1      | Reached XP level 1. HP: 19/19 MP: 1/1
   251 | D:1      | Reached XP level 2. HP: 23/27 MP: 2/2
   520 | D:1      | Reached skill level 3 in Axes
   777 | D:1      | Reached XP level 3. HP: 33/33 MP: 3/3
  1427 | D:2      | Reached skill level 4 in Axes
  1493 | D:2      | Found a roughly hewn altar of Beogh.
  1596 | D:2      | Reached XP level 4. HP: 37/40 MP: 4/4
  1815 | D:2      | Found a faded altar of an unknown god.
  2147 | D:3      | Found Wyugg's Armour Shoppe.
  2193 | D:3      | You fall into a shaft and drop 1 floor!
  2258 | D:4      | Reached skill level 5 in Axes
  2352 | D:4      | Reached XP level 5. HP: 25/46 MP: 5/5
  2618 | D:4      | Noticed a black bear
  2627 | D:4      | Found a stormy altar of Qazlal.
  2654 | D:4      | Killed a black bear
  2867 | D:4      | Reached skill level 6 in Axes
  2867 | D:4      | Reached XP level 6. HP: 47/53 MP: 6/6
  2881 | D:4      | Noticed a black bear
  2890 | D:4      | Killed a black bear
  2904 | D:4      | Found a shadowy altar of Dithmenos.
  3096 | D:4      | Identified the ring "Icugerei" {Ice rElec rN+ Dex+3}
  3182 | D:4      | Reached skill level 7 in Axes
  3557 | D:5      | Entered Level 5 of the Dungeon
  3567 | D:5      | Reached XP level 7. HP: 52/60 MP: 7/7
  3654 | D:5      | Noticed Blork the orc
  3661 | D:5      | Killed Blork the orc
  3672 | D:5      | Reached skill level 8 in Axes
  3680 | D:5      | Reached skill level 1 in Dodging
  3918 | D:5      | Found a hazy altar of Hepliaklqana.
  3919 | D:5      | Found a shimmering altar of Xom.
  3920 | D:5      | Noticed a spectral ugly thing
  3984 | D:5      | Reached skill level 9 in Axes
  3984 | D:5      | Reached skill level 5 in Armour
  3994 | D:5      | Noticed Duvessa
  3994 | D:5      | Noticed Dowan
  4005 | D:5      | Killed Duvessa
  4005 | D:5      | Killed Dowan
  4006 | D:5      | Reached skill level 5 in Fighting
  4006 | D:5      | Reached XP level 8. HP: 46/68 MP: 8/8
  4814 | D:5      | Found a glowing silver altar of Zin.
  4885 | D:6      | Reached skill level 10 in Axes
  5067 | D:6      | Reached skill level 11 in Axes
  5242 | D:6      | Noticed Pikel
  5258 | D:6      | HP: 2/69 [Pikel/+2 whip of flaming (2)]
  5849 | D:6      | Found a blossoming altar of Fedhas.
  5850 | D:6      | Became a worshipper of Beogh the Brigand
  5870 | D:6      | Reached XP level 9. HP: 24/75 MP: 9/9
  6129 | D:6      | Noticed a two-headed ogre
  6135 | D:6      | Killed a two-headed ogre
  6136 | D:6      | Reached skill level 12 in Axes
  6682 | D:7      | Found a staircase to the Ecumenical Temple.
  6836 | D:7      | Reached skill level 1 in Stealth
  7106 | D:7      | Found an ancient bone altar of Kikubaaqudgha.
  7106 | D:7      | Noticed a hornet
  7111 | D:7      | Paralysed by a hornet for 1 turns
  7116 | D:7      | Killed a hornet
  7117 | D:7      | Reached skill level 13 in Axes
  7367 | D:7      | Found a burning altar of Makhleb.
  7391 | D:7      | Found Nuquamuna's Antique Weapon Emporium.
  8085 | D:8      | Reached XP level 10. HP: 72/84 MP: 10/10
  8258 | D:8      | Reached * piety under Beogh
  8264 | D:8      | Reached skill level 14 in Axes
  8441 | D:8      | Found a shimmering blue altar of Sif Muna.
  8442 | D:8      | Found a glowing golden altar of the Shining One.
  8899 | D:8      | Found the +2 ratskin cloak {*Rats rPois rN+ Str-1 Int-1
                  | Dex+1}
  8936 | D:8      | Found a sparkling altar of Nemelex Xobeh.
  9776 | D:8      | HP: 4/80 [poisoned by a killer bee]
  9778 | D:8      | Slain by a wight

Illustrated notes

Levels and vault maps discovered:
D:1:      lemuel_arrival_muddy, layout_loops_ring, minmay_pentomino_r4
D:2:      layout_loops_cross, hellmonk_ecumenical_altar_defaced_shrine,
          chequers_serial_rivers_small_a, chequers_serial_rivers_room_b
D:3:      layout_rooms, serial_shops, shop_statue, lemuel_old_faithful
D:4:      minmay_general_purpose_star, layout_basic,
          nicolae_overflow_crystal_walls, grunt_dithmenos_smoke,
          cheibrodos_sewer_entry_sluice, corexii_shack, minmay_distorted
D:5:      layout_basic, regret_index_temple_of_mockery, zin_statuary,
          serial_rivers, chequers_serial_rivers_micro_e,
          chequers_serial_rivers_large_a, chequers_serial_rivers_micro_d,
          chequers_serial_rivers_large_b, chequers_serial_rivers_small_b,
          chequers_serial_rivers_room_b, uniq_blork_the_orc, uniq_duvessa
D:6:      layout_basic, general_overflow_altar, nrook_campfire, minivault_24,
          kennysheep_generic_room_12, uniq_pikel
D:7:      layout_layer_cave, kiku_gazebo_pond_becter,
          mainiacjoe_overflow_boulevard, minmay_temple_entry_glass,
          serial_shops, nicolae_stop_n_shop_2
D:8:      layout_layer_cave, mainiacjoe_overflow_surrounded_room,
          jmf_multi_god_temple
D:9:      layout_cave_pods, grunt_gozag_breadcrumbs, orc_0_dummy, uniq_harold

Skill      XL: |  1  2  3  4  5  6  7  8  9 10 |
---------------+-------------------------------+-----
Axes           | 3 4 5 6 7 9 11 13 14 | 14.4
Fighting       | 4 5 6 7 |  7.1
Armour         | 4 5 7 |  7.4
Shields        | 4 |  4.9
Dodging        | 1 2 |  2.2
Stealth        | 1 |  1.2

Action                   |  1- 3 |  4- 6 |  7- 9 | 10-12 || total
-------------------------+-------+-------+-------+-------++-------
Melee: War axe           |   121 |   115 |   238 |    54 ||   528
Invok: Convert to Beogh  |       |       |     1 |       ||     1
  Use: Scroll            |     4 |     3 |     5 |     1 ||    13
       Potion            |     3 |     4 |     3 |     6 ||    16
Armor: Scale mail        |    67 |    74 |   112 |    49 ||   302
Dodge: Dodged            |    43 |    77 |    97 |    50 ||   267
Block: Buckler           |    33 |    39 |    44 |    27 ||   143

Table legend: (Time is in decaauts)
 A = Elapsed time spent in this place.
 B = Non-inter-level travel time spent in this place.
 C = Inter-level travel time spent in this place.
 D = Time resting spent in this place.
 E = Time spent auto-exploring this place.
 F = Levels seen in this place.
 G = Mean time per level.
                   A        B        C        D        E       F      G
               +--------+--------+--------+--------+--------+-----+--------+
         Total |   9874 |   9508 |    366 |    668 |   7535 |   9 | 1097.1 |
       Dungeon |   9874 |   9508 |    366 |    668 |   7535 |   9 | 1097.1 |
               +--------+--------+--------+--------+--------+-----+--------+

Top non-repeatable levels by time:
     D:8: 1681 daAuts
     D:5: 1672 daAuts
     D:6: 1484 daAuts
     D:7: 1393 daAuts
     D:4: 1383 daAuts
     D:1: 1121 daAuts
     D:2: 849 daAuts
     D:3: 282 daAuts
     D:9: 7 daAuts
